 Dungeon Crawl Stone Soup version 0.25-a0-701-gb30f108f01 (console) character file.

Game seed: 13968182637603690555, levelgen mode: classic

22 Duffy the Chopper (level 2, 26/26 HPs)
             Began as a Deep Dwarf Gladiator on Apr 3, 2020.
             Quit the game on level 1 of the Dungeon.
             The game lasted 00:00:35 (365 turns).

Duffy the Chopper (Deep Dwarf Gladiator)             Turns: 365, Time: 00:00:36

Health: 26/26      AC:  4    Str: 17    XL:     2   Next: 68%
Magic:  1/1        EV: 13    Int:  8    God:
Gold:   28         SH:  0    Dex: 14    Spells: 1/1 levels left

rFire    . . .     SeeInvis .   a - +0 war axe
rCold    . . .     Gourm    .   (no shield)
rNeg     . . .     Faith    .   b - +0 leather armour
rPois    .         Spirit   .   c - +0 helmet
rElec    .         Reflect  .   (no cloak)
rCorr    .         Harm     .   (no gloves)
MR       .....                  (no boots)
Stlth    +.........             (no amulet)
HPRegen  0.00/turn              (no ring)
MPRegen  0.07/turn              (no ring)

@: non-regenerating
A: damage resistance, heal wounds, sense surroundings 1, no regeneration
a: Heal Wounds


You were on level 1 of the Dungeon.
You were not hungry.

You visited 1 branch of the dungeon, and saw 1 of its levels.

You collected 28 gold pieces.

Inventory:

Hand Weapons
 a - a +0 war axe (weapon)
Missiles
 d - 3 throwing nets (quivered)
Armour
 b - a +0 leather armour (worn)
 c - a +0 helmet (worn)
Scrolls
 e - a scroll of remove curse {unknown}
 h - a scroll of fog {unknown}
 i - a scroll of teleportation {unknown}
Comestibles
 f - a ration
 g - 13 chunks of flesh


   Skills:
 - Level 1.7 Fighting
 + Level 4.4 Axes
 - Level 1.7 Throwing
 - Level 3.2 Dodging


You had one spell level left.
You didn't know any spells.
Your spell library was empty.

Dungeon Overview and Level Annotations

Branches:
Dungeon (1/15)

Altars:


Innate Abilities, Weirdness & Mutations

You are resistant to damage.
You can heal yourself by infusing magical energy.
You passively map a small area around you.
You do not regenerate.


Message History

No target in view!
No target in view!
No target in view!
No target in view!
You butcher the frilled lizard corpse.
g - 12 chunks of flesh (gained 1)
You butcher the ball python corpse.
g - 15 chunks of flesh (gained 3)
Things that are here:
a frilled lizard skeleton; a ball python skeleton
Things that are here:
a frilled lizard skeleton; a ball python skeleton Some of the chunks of flesh in your inventory have rotted away.
A rat comes into view.
A rat is nearby!
A rat is nearby!
A rat is nearby!
You hit the rat.
You kill the rat!
Are you sure you want to abandon this character and quit the game? (Confirm with "yes".)

########.....................#
........%....................#
..####.......................#
..................#.......#..#
...###............##.....##..#
..####...............######..#
..##...####..........# #..#
.....................# #..#
.##.####.##......@...# ##..#
....# #.##..........# #..##
..######.####....####### #..#
..###....#....##.##....###..#
..##....^.........#....##...#
..#............#.......##.#.#
.##............##.........#.#
.##.............#.........#.#
.###......................#.#


There were no monsters in sight!

Vanquished Creatures
  A dart slug (D:1)
  A ball python (D:1)
  A giant cockroach (D:1)
  2 goblins (D:1)
  3 hobgoblins (D:1)
  4 kobolds (D:1)
  2 bats (D:1)
  3 frilled lizards (D:1)
  4 rats (D:1)
21 creatures vanquished.

Notes
Turn   | Place    | Note
-------+----------+-------------------------------------------
     0 | D:1      | Duffy the Deep Dwarf Gladiator began the quest for the Orb.
     0 | D:1      | Reached XP level 1. HP: 19/19 MP: 1/1
   153 | D:1      | Reached XP level 2. HP: 16/26 MP: 2/2
   168 | D:1      | Reached skill level 4 in Axes
   365 | D:1      | Quit the game

Levels and vault maps discovered:
D:1:      sevenhm_arrival_forest_fort_large_1, layout_rooms

Skill      XL: |  1  2 |
---------------+-------+-----
Axes           | 4 |  4.4
Fighting       | |  1.7
Throwing       | |  1.7
Dodging        | |  3.2

Action                   || total
-------------------------++-------
Melee: War axe           ||    61
 Abil: Heal Wounds       ||     2
Armor: Leather armour    ||    17
Dodge: Dodged            ||    52

Table legend:
 A = Non-vault XP
 B = Vault XP
 C = Vault XP percentage of total XP
 D = Non-vault monster count
 E = Vault monster count
 F = Vault count percentage of total count
                 A         B        C        D         E       F
            +---------+---------+-------+---------+---------+-------
      Total |      29 |       3 |   9.4 |      18 |       3 |  14.3
            +---------+---------+-------+---------+---------+-------
        D:1 |      29 |       3 |   9.4 |      18 |       3 |  14.3
            +---------+---------+-------+---------+---------+-------
